Map: Troizinia LE

Players

Adyk

  • Race: Zerg Zerg
  • Spawn Location: 6:00

Genus

  • Race: Terran Terran
  • League: Gold
  • Spawn Location: 3:00

fobos

  • Race: Zerg Zerg
  • Spawn Location: 5:00

MooEsqoo

  • Race: Protoss Protoss
  • Spawn Location: 5:00

Прицел

  • Race: Terran Terran
  • League: Platinum
  • Spawn Location: 11:00

Dragon

  • Race: Protoss Protoss
  • Spawn Location: 12:00

icestar

  • Race: Protoss Protoss
  • League: Gold
  • Spawn Location: 11:00

lavplublankb

  • Race: Protoss Protoss
  • League: Platinum
  • Spawn Location: 9:00

VOD

Have the link to the VOD?

Description

Time

  • Played on: Nov. 16, 2019, 2:42 p.m.
  • Length: 19:57
Show
View Real Time Build Order
Export as new Build Order

Adyk Zerg 

Build Orders: Hatch First 

Get SALT Encoding   

  12  0:06  Drone  
  13  0:09  Drone  
  14  0:21  Overlord  
  14  0:44  Hatchery  
  14  0:46  Drone  
  14  0:56  Drone x2  
  16  1:13  Spawning Pool  
  16  1:15  Extractor, Drone  
  15  1:26  Drone  
  15  1:27  Drone  
  17  1:44  Drone x2  
  19  1:57  Drone  
  19  2:00  Extractor  
  19  2:01  Zergling x2  
  20  2:09  Drone  
  20  2:10  Drone  
  22  2:25  Drone x3  
  22  2:26  Metabolic Boost  
  22  2:28  Queen  
  27  2:41  Zergling x2  
  27  2:43  Overlord  
  28  2:49  Overlord  
  28  2:59  Baneling Nest  
  28  3:03  Evolution Chamber  
  28  3:04  Drone x2  
  28  3:14  Drone x4  
  32  3:20  Overlord  
  32  3:33  Zerg Melee Weapons Level 1  
  32  3:35  Lair  
  32  3:37  Zergling x6  
  35  3:51  Zergling x4  
  35  3:52  Zergling x4  
  39  4:05  Zergling x6  
  42  4:23  Baneling  
  42  4:29  Spine Crawler x2  
  42  4:30  Spine Crawler  
  23  4:51  Drone x2  
  24  4:54  Drone  
  25  5:05  Overseer  
  25  5:13  Drone  
  29  5:14  Drone x7  
  29  5:20  Zergling x2  
  34  5:46  Spore Crawler  
  34  5:47  Spore Crawler  
  34  5:49  Spore Crawler  
  30  5:52  Spore Crawler  
  29  6:05  Zerg Missile Weapons Level 1, Hydralisk Den  
  22  6:45  Spore Crawler  
  18  6:54  Drone x6  
  18  6:56  Queen  
  18  6:59  Grooved Spines  
  25  7:24  Zergling x4  
  25  7:25  Zergling x2  
  28  7:32  Drone  
  29  7:46  Hydralisk  
  29  7:47  Extractor, Hydralisk x3  
  36  8:09  Overlord x4  
  36  8:10  Overlord x3, Muscular Augments  
  36  8:15  Zerg Missile Weapons Level 2  
  36  8:22  Extractor  
  36  8:25  Extractor  
  34  8:38  Spore Crawler  
  33  8:41  Spore Crawler  
  33  8:43  Drone x3  
  33  8:45  Drone  
  33  8:46  Drone x2  
  38  8:48  Drone  
  38  8:49  Drone x2  
  41  9:03  Overlord  
  41  9:14  Drone x3  
  44  9:23  Hydralisk  
  44  9:24  Hydralisk  
  48  9:43  Hydralisk x2  
  48  9:44  Hydralisk  
  42  10:20  Hydralisk x2  
  42  10:21  Hydralisk x4  
  54  10:31  Zerg Ground Armor Level 1  
  54  10:40  Hydralisk x2  
  58  10:51  Drone x3  
  58  10:53  Drone  
  44  11:34  Hydralisk x2  
  44  11:35  Hydralisk x6  
  44  11:36  Hydralisk x3  
  66  11:55  Drone x2  
  66  12:23  Hydralisk x2  
  66  12:24  Hydralisk x7  
  66  12:25  Hydralisk x2  
  88  12:46  Zerg Ground Armor Level 2  
  88  12:56  Spore Crawler  
  88  12:57  Spore Crawler  
  86  13:03  Hatchery  
  86  13:04  Infestation Pit  
  83  13:29  Pneumatized Carapace  
  83  13:30  Burrow  
  83  13:33  Extractor  
  82  13:35  Extractor  
  55  14:13  Hydralisk  
  55  14:14  Hydralisk x12  
  59  14:22  Drone  
  59  14:23  Drone x2  
  62  14:51  Hydralisk  
  62  14:52  Hydralisk x5  
  74  15:05  Hydralisk x2  
  78  15:16  Drone x3  
  55  16:02  Hydralisk  
  55  16:03  Hydralisk x5  
  55  16:40  Drone x3  
  44  17:09  Hydralisk x3  
  44  17:10  Hydralisk x7  
  64  17:21  Hive  
  62  17:29  Hydralisk x2  
  66  17:32  Drone  
  67  17:41  Drone x3  
  67  17:42  Drone  
  61  18:20  Hydralisk x6  
  61  18:21  Hydralisk x2  
Show
View Real Time Build Order
Export as new Build Order

Genus Terran 

Build Orders:  

Get SALT Encoding   

  12  0:01  SCV  
  13  0:14  SCV  
  14  0:17  Supply Depot  
  14  0:29  SCV  
  15  0:41  SCV  
  16  0:52  Barracks  
  16  0:53  SCV  
  17  1:03  Barracks  
  17  1:05  SCV  
  18  1:12  Refinery  
  18  1:17  SCV  
  19  1:29  SCV  
  19  1:30  Barracks  
  20  1:41  Orbital Command  
  20  1:47  Refinery  
  20  1:53  Supply Depot  
  20  1:55  Barracks Tech Lab  
  20  2:10  SCV  
  21  2:21  Supply Depot  
  21  2:25  Barracks Reactor  
  21  2:32  Barracks Reactor  
  21  2:33  Marine  
  22  2:46  Command Center  
  22  2:50  SCV  
  23  2:58  Refinery  
  23  2:59  Stimpack  
  23  3:02  SCV  
  24  3:14  SCV, Factory  
  25  3:22  Marine  
  25  3:23  Marine  
  25  3:25  Marine  
  25  3:26  SCV  
  29  3:33  Marine  
  29  3:34  Marine  
  31  3:38  SCV  
  32  3:42  Marine x2  
  32  3:46  Refinery  
  32  3:47  Marine  
  35  3:51  Marine  
  36  3:59  SCV  
  36  4:00  Starport  
  37  4:05  Orbital Command  
  37  4:11  Marine x2  
  37  4:15  Widow Mine  
  41  4:26  Marine x3  
  41  4:28  Marine, SCV  
  46  4:33  Marine  
  46  4:37  Widow Mine  
  49  4:39  Starport Reactor  
  49  4:41  SCV  
  50  4:53  SCV  
  50  4:54  Marine x3  
  50  4:59  Factory Reactor  
  54  5:04  Supply Depot  
  54  5:10  Supply Depot  
  54  5:17  Engineering Bay  
  54  5:18  Engineering Bay  
  54  5:26  Marine, SCV x2  
  57  5:36  Medivac  
  57  5:37  Medivac, Factory  
  57  5:38  SCV  
  57  5:41  SCV  
  63  5:50  SCV  
  63  5:57  Marine x4  
  64  5:59  Combat Shield  
  64  6:01  Widow Mine  
  70  6:06  Supply Depot  
  70  6:10  Supply Depot  
  70  6:27  SCV  
  70  6:28  Factory Tech Lab, Widow Mine  
  73  6:39  SCV  
  74  6:52  Medivac x2  
  78  7:20  Marine  
  78  7:21  Marine x4  
  83  7:25  Terran Infantry Armor Level 1, Terran Infantry Weapons Level 1  
  83  7:27  Siege Tank  
  86  7:54  Supply Depot  
  86  8:13  Marine  
  86  8:14  SCV, Marine  
  86  8:15  Marine x3  
  86  8:16  Medivac x2, Siege Tank  
  86  8:17  Missile Turret, Supply Depot  
  86  8:18  Missile Turret x2  
  86  8:19  Missile Turret  
  92  8:26  SCV  
  87  8:31  Marine  
  87  8:32  Marine x2  
  90  8:35  Widow Mine x2  
  90  8:38  Marine x2, SCV  
  90  8:39  Supply Depot  
  97  8:44  Missile Turret  
  97  8:45  Missile Turret  
  97  8:47  Missile Turret  
  97  8:48  Siege Tank  
  95  8:49  Marine  
  95  8:50  Marine x2  
  98  8:55  Medivac  
  98  8:56  Widow Mine  
  98  9:01  Marine x2, Widow Mine  
  106  9:04  Supply Depot  
  106  9:07  Marine  
  106  9:08  Marine  
  108  9:31  Armory  
  108  9:38  Widow Mine x3  
  114  9:40  Viking x2  
  118  10:06  Supply Depot  
  118  10:26  Widow Mine  
  118  10:27  Widow Mine  
  115  10:30  Supply Depot  
  88  11:08  Widow Mine x3  
  70  11:27  Marine  
  70  11:28  Marine x4  
  70  11:29  Widow Mine x2  
  79  11:36  Drilling Claws  
  79  11:39  Missile Turret  
  79  11:45  Marine x2  
  79  11:46  Marine x3  
  84  11:50  Widow Mine x2  
  88  11:57  Starport  
  88  11:58  Starport  
  88  12:00  Starport  
  88  12:03  Marine x4  
  88  12:04  Marine  
  93  12:12  Widow Mine x2  
  97  12:19  Command Center  
  97  12:21  Marine x4  
  97  12:22  Marine  
  102  12:33  Widow Mine x2  
  106  12:46  Marine x3  
  106  12:47  Marine x2  
  111  12:51  Terran Infantry Weapons Level 2  
  111  12:55  Terran Ship Weapons Level 1  
  111  13:00  Armory  
  111  13:04  Marine x5, Starport Reactor x2  
  111  13:05  Starport Reactor  
  116  13:22  Marine x2  
  102  13:41  Widow Mine x3  
  92  13:58  Command Center  
  92  14:02  Widow Mine x3  
  80  14:37  Viking x3  
  80  14:38  Viking x5  
  96  15:07  Viking x4  
  104  15:22  Orbital Command  
  104  15:24  Orbital Command  
  104  15:25  Refinery  
  104  15:29  Refinery  
  104  15:45  Widow Mine  
  104  15:46  Widow Mine x2  
  38  17:10  Viking x5  
  38  17:11  Viking x3  
  38  17:14  SCV  
  55  17:26  SCV  
  50  17:37  Siege Tank  
  53  17:38  SCV  
  53  17:40  Viking x3  
  60  17:50  SCV  
  59  18:02  SCV  
  59  18:04  Viking x4  
  62  18:38  SCV  
  51  19:06  Supply Depot  
  51  19:07  Supply Depot  
  51  19:08  Supply Depot  
  51  19:27  SCV  
  51  19:30  Supply Depot  
  49  19:31  Supply Depot  
  49  19:32  SCV  
  50  19:39  SCV  
  50  19:40  Barracks x2  
  50  19:43  Barracks x2  
  50  19:44  SCV  
  52  19:47  Barracks  
  52  19:48  Barracks  
  52  19:51  Barracks x2  
  52  19:52  Barracks  
  53  19:54  Supply Depot  
  53  19:57  Supply Depot  
Show
View Real Time Build Order
Export as new Build Order

fobos Zerg 

Build Orders: Pool First 

Get SALT Encoding   

  12  0:03  Drone  
  13  0:10  Drone  
  14  0:17  Overlord  
  14  0:37  Spawning Pool  
  14  0:39  Drone  
  14  0:41  Drone  
  15  0:45  Drone  
  16  0:50  Extractor  
  16  0:57  Drone  
  16  1:02  Drone  
  17  1:20  Drone  
  18  1:27  Zergling x2, Queen  
  21  1:53  Zergling x2  
  22  1:55  Overlord  
  22  2:02  Metabolic Boost  
  22  2:03  Extractor  
  21  2:09  Evolution Chamber  
  20  2:17  Zergling x4  
  20  2:18  Zergling x2  
  23  2:29  Drone  
  24  2:37  Drone x2  
  24  2:38  Drone  
  27  2:50  Drone  
  28  2:51  Hatchery  
  28  2:55  Zerg Melee Weapons Level 1  
  28  2:58  Drone  
  28  3:03  Spore Crawler  
  27  3:06  Drone  
  27  3:10  Drone  
  29  3:16  Overlord  
  29  3:31  Lair  
  29  3:40  Zergling x2  
  29  3:41  Zergling x6  
  33  3:44  Zergling x2  
  33  3:47  Zergling x2  
  35  3:54  Drone  
  36  4:03  Drone  
  36  4:04  Queen  
  39  4:14  Extractor  
  39  4:16  Drone x3  
  41  4:21  Drone  
  42  4:24  Drone  
  42  4:26  Extractor  
  42  4:40  Pneumatized Carapace  
  42  4:46  Zergling x2  
  42  4:47  Zergling x2  
  42  4:48  Overlord x2  
  44  4:58  Nydus Network  
  43  5:35  Drone x2  
  45  5:36  Drone x2  
  45  5:37  Drone x2  
  45  5:38  Spire  
  45  5:40  Overseer  
  48  5:48  Overseer  
  48  5:52  Zergling x14  
  55  6:08  Zerg Ground Armor Level 1  
  54  6:52  Zerg Flyer Weapons Level 1  
  54  6:53  Overlord  
  54  6:54  Overlord x9  
  54  7:16  Nydus Canal  
  54  7:23  Mutalisk x5  
  64  7:33  Infestation Pit  
  52  8:22  Hive  
  52  8:27  Mutalisk  
  52  8:28  Mutalisk x7  
  68  8:34  Drone  
  68  8:35  Drone x3  
  72  8:48  Zerg Flyer Armor Level 1  
  72  8:59  Spire  
  71  9:20  Mutalisk x4  
  71  9:23  Drone x3  
  80  9:56  Hatchery  
  71  10:25  Drone  
  71  10:26  Drone x3  
  75  10:28  Mutalisk  
  75  10:29  Mutalisk x6  
  89  10:40  Zerg Flyer Weapons Level 2  
  88  10:59  Extractor, Drone  
  88  11:00  Extractor, Drone x10  
  90  11:25  Queen  
  92  11:27  Overlord x5  
  92  12:17  Zerg Flyer Armor Level 2  
  92  12:22  Mutalisk  
  92  12:23  Mutalisk x11  
  116  12:59  Hatchery  
  116  13:00  Drone x2  
  116  13:01  Drone  
  116  13:02  Drone  
  120  13:22  Hatchery  
  119  13:31  Extractor x2  
  119  13:32  Hatchery  
  110  13:51  Zerg Flyer Weapons Level 3  
  110  13:52  Mutalisk x10  
  110  13:53  Mutalisk x2  
  135  14:02  Drone  
  135  14:03  Drone x2  
  135  14:04  Drone x3  
  135  14:06  Drone  
  135  14:07  Drone x5  
  146  14:29  Overlord  
  146  14:30  Overlord x6  
  112  16:02  Mutalisk  
  112  16:03  Mutalisk x14  
  112  16:04  Mutalisk x8  
  71  17:21  Mutalisk x2  
  71  17:22  Mutalisk x5  
  65  18:00  Zergling x2  
  65  18:01  Zergling x36  
  65  18:02  Zergling x24  
  90  18:24  Spawning Pool  
  44  19:43  Spawning Pool  
Show
View Real Time Build Order
Export as new Build Order

MooEsqoo Protoss 

Build Orders: Carriers 

Get SALT Encoding   

  12  0:02  Probe  
  13  0:19  Probe  
  14  0:22  Pylon  
  14  0:31  Probe  
  15  0:46  Gateway  
  15  0:49  Assimilator  
  15  0:50  Probe  
  16  1:02  Probe  
  17  1:16  Probe  
  18  1:28  Probe  
  19  1:35  Zealot (Chrono Boost)  
  21  1:45  Cybernetics Core  
  21  1:48  Probe  
  22  1:54  Nexus  
  22  2:00  Pylon  
  22  2:12  Probe  
  22  2:15  Assimilator  
  23  2:16  Zealot (Chrono Boost)  
  23  2:21  Pylon  
  23  2:22  Warp Gate (Chrono Boost)  
  25  2:47  Probe  
  25  2:50  Stalker  
  28  3:01  Probe  
  29  3:12  Robotics Facility  
  29  3:16  Gateway  
  29  3:18  Stalker (Chrono Boost)  
  29  3:20  Gateway  
  29  3:25  Probe  
  32  3:27  Probe  
  33  3:42  Probe x2  
  33  3:45  Stalker  
  37  4:05  Immortal  
  41  4:14  Stalker  
  43  4:19  Probe x2  
  45  4:31  Assimilator  
  45  4:33  Stalker  
  45  4:34  Stalker  
  49  4:43  Probe x2  
  51  4:55  Probe x2  
  53  5:07  Probe  
  53  5:13  Pylon  
  54  5:15  Pylon  
  54  5:17  Pylon  
  54  5:31  Probe x2  
  56  5:38  Nexus  
  56  5:39  Forge  
  56  5:41  Twilight Council  
  56  5:47  Probe x2  
  58  5:50  Assimilator  
  58  5:52  Stalker  
  60  5:59  Probe x2, Pylon  
  62  6:06  Pylon  
  62  6:15  Stalker x3  
  64  6:32  Protoss Ground Weapons Level 1 (Chrono Boost)  
  62  6:49  Stalker x3  
  68  6:55  Gateway  
  68  6:56  Gateway  
  68  7:08  Blink (Chrono Boost)  
  66  7:15  Immortal (Chrono Boost)  
  66  7:16  Stalker x2  
  66  7:17  Stalker  
  76  7:23  Probe x2  
  78  7:35  Probe  
  78  7:36  Probe x2  
  81  7:45  Stalker x3  
  81  7:47  Probe  
  81  7:48  Probe x2  
  90  7:55  Sentry  
  90  7:56  Sentry  
  94  8:02  Probe  
  94  8:03  Probe x2  
  97  8:14  Probe  
  97  8:15  Probe x2  
  100  8:21  Templar Archives  
  100  8:38  Probe  
  100  8:39  Probe x2  
  103  8:42  Protoss Ground Weapons Level 2 (Chrono Boost)  
  103  8:45  Assimilator  
  103  8:48  Assimilator  
  103  8:51  Probe  
  104  8:56  Stalker x2  
  104  8:59  Charge (Chrono Boost)  
  104  9:01  Pylon  
  108  9:04  Pylon  
  108  9:06  Pylon  
  108  9:07  Pylon  
  103  9:40  Stalker x3  
  103  9:41  Stalker x2  
  103  9:44  Stargate x2  
  110  9:46  Stargate  
  110  9:47  Stargate  
  105  10:27  Nexus  
  105  10:43  Stalker x2  
  105  10:44  Zealot x2  
  105  10:45  Zealot  
  115  10:51  Psionic Storm  
  115  11:07  High Templar  
  115  11:08  High Templar  
  119  11:12  Zealot x3  
  119  11:15  Pylon  
  119  11:18  Pylon  
  125  11:20  Pylon  
  125  11:21  Pylon  
  125  11:23  Pylon  
  125  11:25  Pylon  
  125  11:36  Gateway  
  125  11:39  Gateway  
  125  11:41  Gateway  
  125  11:49  Fleet Beacon  
  125  11:52  Void Ray  
  125  11:53  Void Ray  
  133  12:03  Probe  
  133  12:05  Probe  
  135  12:09  Probe  
  135  12:15  Probe  
  137  12:16  Void Ray x2  
  137  12:17  Probe  
  137  12:21  Probe  
  147  12:23  Protoss Air Weapons Level 1 (Chrono Boost)  
  147  12:32  Zealot  
  147  12:33  Zealot x3  
  147  12:34  Zealot x2  
  159  13:07  Protoss Ground Weapons Level 3 (Chrono Boost)  
  159  13:42  Archon  
  159  13:45  High Templar  
  159  13:46  High Templar x2  
  159  13:47  High Templar x3  
  171  13:50  Zealot x2  
  171  13:55  Archon  
  175  13:56  Archon  
  175  13:58  Archon  
  175  14:11  Pylon  
  175  14:13  Pylon  
  175  14:14  Pylon  
  175  14:16  Pylon  
  175  14:17  Pylon  
  175  14:41  Zealot x4  
  175  14:42  Zealot x3  
  189  15:03  Carrier (Chrono Boost)  
  113  15:47  Carrier (Chrono Boost)  
  113  15:48  Carrier x2 (Chrono Boost)  
  89  15:50  Nexus  
  93  16:08  Zealot x2  
  93  16:09  Zealot x4  
  93  16:10  Zealot  
  107  16:17  Carrier (Chrono Boost)  
  113  16:41  Probe x3  
  116  16:50  High Templar x4  
  116  16:51  High Templar x2  
  116  16:52  High Templar  
  116  16:53  Probe x3  
  133  16:55  Archon  
  133  16:56  Archon  
  133  16:57  Archon  
  133  17:04  Carrier (Chrono Boost)  
  133  17:05  Carrier x2 (Chrono Boost)  
  151  17:21  Assimilator  
  151  17:23  Probe  
  151  17:24  Probe x3  
  151  17:25  Assimilator  
  155  17:35  Zealot x3  
  155  17:36  Probe x4, Zealot x3  
  155  17:37  Zealot  
  103  18:18  Zealot x3  
  103  18:19  Zealot  
  107  18:20  Zealot x2  
  111  18:39  Stalker x4  
  111  18:40  Stalker x2  
  123  19:06  Probe  
  124  19:18  Probe  
  124  19:22  Stalker x4  
  124  19:23  Pylon, Stalker x2  
  110  19:32  Gateway  
  110  19:36  Gateway  
  100  19:40  Gateway  
Show
View Real Time Build Order
Export as new Build Order

Прицел Terran 

Build Orders: Command Center First (CC) 

Get SALT Encoding   

  12  0:04  SCV  
  13  0:16  SCV  
  14  0:28  SCV  
  15  0:43  Supply Depot  
  15  1:04  Command Center  
  15  1:05  SCV  
  16  1:11  Barracks  
  16  1:17  SCV  
  17  1:38  SCV  
  18  1:50  SCV  
  18  1:51  Supply Depot  
  19  2:00  Marine  
  20  2:03  Supply Depot  
  20  2:06  Orbital Command  
  20  2:18  Marine  
  20  2:19  Engineering Bay  
  21  2:23  Bunker  
  21  2:28  Supply Depot  
  21  2:36  Marine  
  22  2:48  Supply Depot  
  22  2:49  Orbital Command  
  22  2:54  Marine  
  23  3:06  SCV  
  23  3:11  Refinery  
  23  3:12  Refinery  
  24  3:16  SCV  
  24  3:17  Refinery  
  24  3:18  SCV  
  26  3:22  Marine  
  27  3:28  SCV  
  27  3:30  SCV  
  29  3:39  Marine  
  30  3:42  SCV  
  30  3:43  Refinery  
  30  3:45  SCV  
  32  3:54  SCV  
  33  3:58  SCV  
  34  4:06  SCV  
  35  4:10  SCV, Barracks Tech Lab  
  36  4:18  SCV  
  36  4:22  SCV  
  36  4:24  Factory  
  38  4:30  SCV  
  39  4:34  SCV  
  40  4:40  Command Center  
  40  4:46  SCV  
  41  4:58  SCV  
  42  5:10  Starport, SCV  
  43  5:14  SCV  
  43  5:15  Starport x2  
  44  5:22  Marine, SCV  
  44  5:26  SCV  
  47  5:34  SCV  
  47  5:35  Factory Reactor  
  48  5:40  Marine  
  49  5:46  SCV  
  49  5:49  Armory  
  50  5:55  Armory, Fusion Core  
  50  5:59  SCV  
  50  6:00  Starport Tech Lab x3  
  51  6:08  Orbital Command  
  51  6:12  Refinery  
  51  6:14  SCV x2  
  53  6:26  SCV  
  53  6:27  SCV  
  55  6:37  Starport, Supply Depot  
  55  6:39  SCV  
  56  6:43  SCV x2  
  56  6:44  Supply Depot  
  56  6:46  Supply Depot  
  58  6:48  Battlecruiser  
  58  6:49  Battlecruiser  
  58  6:51  SCV  
  58  6:54  Battlecruiser  
  77  7:00  Supply Depot  
  73  7:01  Terran Ship Weapons Level 1  
  73  7:12  Supply Depot  
  73  7:14  Supply Depot  
  73  7:21  Refinery  
  73  7:24  Supply Depot  
  73  7:25  Starport Tech Lab  
  73  7:34  Terran Vehicle And Ship Armor Level 1  
  73  7:52  Supply Depot  
  73  7:53  Battlecruiser  
  73  7:55  Supply Depot  
  73  7:57  Supply Depot  
  79  8:16  Supply Depot  
  79  8:33  Battlecruiser x3  
  97  8:47  Supply Depot  
  97  8:57  Battlecruiser  
  103  9:10  Supply Depot  
  103  9:32  Supply Depot  
  103  9:37  Battlecruiser  
  109  9:55  Supply Depot  
  91  10:19  Battlecruiser x3  
  103  10:23  Terran Ship Weapons Level 2  
  103  10:41  Battlecruiser  
  109  11:23  Battlecruiser  
  115  11:40  Weapon Refit  
  115  11:41  Terran Vehicle And Ship Armor Level 2  
  115  11:44  Battlecruiser x2  
  115  11:46  Battlecruiser  
  133  12:27  Battlecruiser  
  139  12:48  Battlecruiser  
  139  12:50  Battlecruiser x2  
  157  13:31  Battlecruiser  
  157  13:53  Battlecruiser  
  157  13:55  Battlecruiser x2  
  169  14:37  Battlecruiser  
  175  14:57  Battlecruiser  
  181  15:19  Battlecruiser  
  181  15:20  Battlecruiser  
  174  16:38  Terran Vehicle And Ship Armor Level 3, Terran Ship Weapons Level 3  
  174  16:40  Battlecruiser x3  
Show
View Real Time Build Order
Export as new Build Order

Dragon Protoss 

Build Orders: Carriers 

Get SALT Encoding   

  12  0:02  Probe  
  13  0:14  Probe  
  14  0:25  Pylon  
  14  0:26  Probe  
  15  0:43  Probe  
  15  0:45  Forge  
  16  0:55  Probe  
  17  0:59  Gateway  
  17  1:07  Probe  
  18  1:19  Pylon  
  18  1:42  Probe  
  18  1:43  Pylon  
  18  1:46  Assimilator  
  19  1:51  Assimilator  
  19  1:54  Probe  
  20  1:57  Photon Cannon  
  20  2:12  Gateway  
  20  2:22  Cybernetics Core  
  20  2:23  Probe  
  21  2:35  Probe  
  22  2:47  Probe  
  23  2:52  Photon Cannon  
  23  3:00  Probe, Pylon  
  24  3:07  Photon Cannon  
  24  3:12  Probe  
  25  3:14  Stargate  
  25  3:22  Pylon  
  25  3:25  Pylon  
  25  3:34  Pylon  
  25  3:38  Pylon  
  25  3:49  Stargate  
  25  4:28  Void Ray  
  29  4:38  Fleet Beacon  
  29  4:43  Pylon  
  29  4:51  Photon Cannon  
  29  4:54  Photon Cannon  
  29  5:00  Photon Cannon  
  29  5:05  Photon Cannon  
  29  5:08  Shield Battery  
  29  5:24  Void Ray (Chrono Boost)  
  29  5:27  Void Ray (Chrono Boost)  
  37  5:52  Protoss Air Weapons Level 1  
  33  7:11  Carrier x2  
  41  7:26  Nexus  
  41  7:42  Nexus  
  37  7:59  Assimilator  
  37  8:04  Assimilator  
  37  8:06  Protoss Air Weapons Level 2  
  37  8:08  Pylon  
  37  8:55  Probe (Chrono Boost)  
  38  9:00  Probe (Chrono Boost)  
  41  9:10  Probe (Chrono Boost), Assimilator  
  41  9:11  Probe (Chrono Boost)  
  41  9:14  Assimilator  
  41  9:15  Probe (Chrono Boost)  
  42  9:17  Probe  
  43  9:26  Probe  
  43  9:30  Probe  
  45  9:36  Nexus  
  46  9:38  Probe  
  46  9:42  Probe  
  41  9:50  Probe  
  42  9:54  Probe  
  43  10:00  Assimilator  
  43  10:02  Probe  
  43  10:05  Pylon  
  43  10:06  Probe  
  45  10:09  Assimilator  
  45  10:14  Probe  
  45  10:15  Photon Cannon x2  
  45  10:17  Photon Cannon  
  45  10:18  Probe  
  47  10:22  Shield Battery  
  47  10:23  Shield Battery  
  47  10:26  Pylon  
  47  10:27  Probe  
  48  10:29  Pylon  
  48  10:30  Probe (Chrono Boost)  
  49  10:39  Probe (Chrono Boost)  
  42  10:50  Probe (Chrono Boost)  
  42  10:51  Carrier x2 (Chrono Boost)  
  42  10:54  Probe (Chrono Boost)  
  55  11:05  Probe  
  56  11:16  Protoss Air Weapons Level 3 (Chrono Boost)  
  56  11:17  Probe  
  56  11:54  Nexus  
  56  12:03  Stargate  
  56  12:05  Stargate  
  56  12:07  Stargate  
  56  12:08  Carrier  
  61  12:30  Probe (Chrono Boost)  
  62  12:39  Gateway x2  
  62  12:41  Probe (Chrono Boost)  
  63  12:46  Probe (Chrono Boost)  
  64  12:56  Probe  
  64  12:58  Carrier  
  71  13:10  Probe (Chrono Boost)  
  72  13:15  Probe (Chrono Boost)  
  73  13:26  Probe (Chrono Boost)  
  74  13:30  Probe (Chrono Boost)  
  73  14:41  Carrier x4  
  97  14:49  Assimilator  
  97  14:54  Assimilator  
  97  14:56  Nexus  
  96  15:34  Protoss Air Armor Level 1 (Chrono Boost)  
  66  16:04  Carrier x4  
  90  16:42  Nexus  
  90  16:44  Assimilator  
  90  16:49  Assimilator  
  90  16:52  Pylon  
  66  18:23  Carrier  
  66  18:24  Carrier x4  
  96  18:27  Probe (Chrono Boost)  
  97  18:35  Photon Cannon  
  97  18:39  Probe (Chrono Boost), Shield Battery  
  98  18:43  Probe (Chrono Boost)  
  98  18:44  Photon Cannon  
  99  18:54  Probe  
  100  19:06  Probe  
Show
View Real Time Build Order
Export as new Build Order

icestar Protoss 

Build Orders: Carriers 

Get SALT Encoding   

  12  0:03  Probe (Chrono Boost)  
  13  0:14  Probe (Chrono Boost)  
  14  0:26  Pylon  
  14  0:31  Probe  
  15  0:46  Gateway  
  15  0:52  Forge  
  15  1:03  Probe (Chrono Boost)  
  16  1:09  Assimilator  
  16  1:14  Probe (Chrono Boost), Assimilator  
  17  1:18  Probe (Chrono Boost)  
  18  1:34  Photon Cannon  
  18  1:37  Photon Cannon  
  18  1:41  Zealot  
  20  1:49  Pylon  
  20  1:53  Probe  
  21  2:05  Probe (Chrono Boost)  
  22  2:15  Cybernetics Core  
  23  2:16  Probe (Chrono Boost)  
  23  2:43  Probe  
  24  2:45  Nexus  
  24  2:55  Probe  
  24  2:57  Assimilator  
  25  3:01  Assimilator  
  25  3:07  Probe  
  26  3:17  Pylon  
  26  3:21  Pylon  
  26  3:31  Probe (Chrono Boost)  
  28  3:43  Probe (Chrono Boost)  
  28  3:46  Photon Cannon  
  28  3:48  Probe (Chrono Boost)  
  28  3:52  Photon Cannon  
  29  3:58  Probe  
  29  3:59  Pylon  
  29  4:01  Pylon  
  30  4:05  Pylon  
  30  4:10  Pylon  
  30  4:13  Probe x2 (Chrono Boost)  
  32  4:24  Probe x2 (Chrono Boost)  
  36  4:32  Probe x2 (Chrono Boost)  
  36  4:37  Probe (Chrono Boost)  
  37  4:48  Probe x2  
  39  4:56  Stargate  
  39  5:00  Probe x2, Stargate  
  39  5:03  Stargate  
  41  5:08  Stargate  
  41  5:12  Probe  
  41  5:13  Probe  
  43  5:16  Stargate  
  43  5:19  Stargate  
  43  5:25  Probe (Chrono Boost)  
  45  5:37  Probe (Chrono Boost)  
  45  5:42  Probe (Chrono Boost), Pylon  
  45  5:44  Pylon  
  46  5:51  Probe  
  47  6:04  Cybernetics Core  
  47  6:15  Void Ray x2  
  47  6:16  Void Ray  
  47  6:17  Void Ray  
  63  6:24  Void Ray  
  67  6:32  Void Ray  
  71  6:52  Protoss Air Weapons Level 1  
  71  6:57  Fleet Beacon  
  71  7:02  Pylon  
  71  7:05  Pylon  
  71  7:22  Void Ray  
  75  7:30  Protoss Air Armor Level 1  
  75  7:42  Void Ray  
  79  7:46  Void Ray  
  63  8:54  Void Ray x4  
  63  8:55  Void Ray x2  
  79  9:00  Nexus  
  79  9:05  Assimilator  
  79  9:09  Assimilator  
  79  9:14  Pylon  
  79  9:17  Pylon  
  79  10:17  Carrier  
  79  10:18  Carrier x3  
  79  10:19  Carrier  
  109  10:26  Carrier  
  83  12:09  Carrier x2  
  83  12:10  Carrier x4  
  119  12:41  Photon Cannon  
  119  12:42  Photon Cannon  
  119  12:44  Photon Cannon  
  119  12:46  Photon Cannon  
  119  12:48  Shield Battery  
  119  12:50  Pylon  
  119  12:56  Probe (Chrono Boost)  
  121  13:06  Probe (Chrono Boost)  
  121  13:11  Probe (Chrono Boost)  
  122  13:22  Probe, Carrier  
  122  13:23  Carrier x3  
  147  13:34  Probe  
  148  13:45  Protoss Air Weapons Level 2  
  148  14:05  Protoss Air Armor Level 2  
  136  14:46  Carrier x2  
  136  14:47  Carrier x2  
  160  14:57  Pylon  
  160  14:59  Pylon  
  160  15:01  Pylon  
  160  15:03  Pylon  
  160  15:16  Carrier  
  166  16:43  Carrier  
  166  16:44  Carrier x4  
  112  17:23  Carrier  
  118  17:48  Carrier x5  
  148  18:14  Robotics Facility  
  148  18:27  Carrier  
  154  18:51  Nexus  
  154  18:52  Carrier  
  154  18:53  Assimilator  
  160  18:58  Assimilator  
Show
View Real Time Build Order
Export as new Build Order

lavplublankb Protoss 

Build Orders:  

Get SALT Encoding   

  12  0:03  Probe  
  13  0:15  Probe  
  13  0:21  Pylon  
  14  0:27  Probe  
  15  0:39  Probe  
  15  0:41  Gateway  
  16  0:48  Assimilator  
  16  0:51  Probe  
  17  0:57  Pylon  
  17  1:05  Probe  
  18  1:15  Gateway  
  18  1:17  Probe  
  19  1:29  Probe  
  19  1:32  Cybernetics Core  
  20  1:41  Probe, Zealot (Chrono Boost)  
  23  1:53  Probe  
  24  2:02  Zealot (Chrono Boost)  
  24  2:03  Zealot (Chrono Boost)  
  24  2:05  Probe  
  24  2:08  Warp Gate  
  29  2:17  Pylon  
  29  2:18  Probe  
  30  2:31  Probe  
  30  2:34  Stalker x2  
  35  2:43  Probe  
  36  2:51  Gateway  
  36  2:53  Gateway  
  36  2:55  Probe  
  36  2:58  Assimilator  
  37  3:17  Probe  
  38  3:25  Pylon x2  
  38  3:36  Pylon  
  38  3:51  Pylon  
  38  3:57  Zealot  
  38  3:58  Zealot  
  38  4:00  Stalker x2  
  46  4:30  Zealot x4  
  46  4:52  Stalker x3  
  42  4:53  Stalker  
  44  5:16  Stalker x2  
  44  5:17  Stalker x2  
  52  5:40  Zealot x4  
  60  5:45  Probe  
  61  5:57  Probe  
  62  6:09  Probe  
  61  6:22  Probe  
  60  6:29  Zealot  
  60  6:30  Zealot x3  
  64  6:34  Probe  
  49  7:09  Nexus  
  49  7:22  Nexus  
  48  7:38  Probe  
  49  7:50  Probe  
  50  8:03  Probe  
  35  8:15  Probe  
  36  8:27  Probe  
  37  10:06  Nexus  
  37  10:13  Assimilator  
  37  10:17  Assimilator  
  37  11:50  Nexus  
  37  12:21  Assimilator  
  37  17:48  Nexus  
Tags
 
Add a new tag
Caveats
  • Supply blocks, unpowered buildings, or Contaminate may cause inaccurate times.
  • Supply counts are checked every 10 seconds.